 Dungeon Sprint DCSS version 0.24.1-14-gf8d2b509d9 (webtiles) character file.

Game seed: 704395227424699180, levelgen mode: deterministic

18 Allula97 the Sneak (level 2, -5/16 HPs)
             Began as a Vampire Enchanter on Nov 17, 2020.
             Slain by a centaur (6 damage)
             ... in the Dungeon (Sprint IX: "|||||||||||||||||||||||||||||").
             The game lasted 00:01:03 (97 turns).

Allula97 the Sneak (Vampire Enchanter)                Turns: 97, Time: 00:01:04

Health: -5/16      AC:  2    Str:  7    XL:     2   Next: 48%
Magic:  5/5        EV: 13    Int: 17    God:
Gold:   0          SH:  0    Dex: 14    Spells: 4/5 levels left

rFire    . . .     SeeInvis +   a - +1 dagger
rCold    + + .     Gourm    .   (no shield)
rNeg     + + +     Faith    .   b - +0 robe
rPois    ∞         Spirit   .   (no helmet)
rElec    .         Reflect  .   (no cloak)
rCorr    .         Harm     .   (no gloves)
MR       .....     NoTele   +   (no boots)
Stlth    +++++.....             (no amulet)
HPRegen  0.00/turn              (no ring)
MPRegen  0.09/turn              (no ring)

@: bloodless, hasted, very quick
A: no food, fangs 3, see invisible, unbreathing
a: Revivify


You were in the Dungeon.
You were bloodless.

You visited 1 branch

Inventory:

Hand Weapons
 a - a +1 dagger (weapon)
Armour
 b - a +0 robe (worn)
Scrolls
 i - a scroll of blinking
Potions
 g - 2 potions of magic
 h - a potion of berserk rage


   Skills:
 * Level 1.1 Fighting
 * Level 1.8 Short Blades
 * Level 0.9 Armour
 * Level 2.8 Dodging
 * Level 5.9 Stealth
 * Level 2.4 Spellcasting
 * Level 5.8 Hexes


You had 4 spell levels left.
You knew the following spells:

 Your Spells              Type           Power        Failure   Level  Hunger
a - Corona                Hex            ###....      1%          1    N/A

Your spell library contained the following spells:

 Spells                   Type           Power        Failure   Level  Hunger
 Confuse                  Hex            ###.....     4%          3    N/A
 Tukima's Dance           Hex            ###.....     4%          3    N/A
 Ensorcelled Hibernation  Hex/Ice        ##....       9%          2    N/A
 Dazzling Spray           Conj/Hex       ##....       17%         3    N/A

Dungeon Overview and Level Annotations

Branches:
Dungeon (1/1)

Altars:


Innate Abilities, Weirdness & Mutations

You do not eat.
You do not regenerate when monsters are visible.
You are frail without blood (-20% HP).
You can heal yourself when you bite living creatures.
You are immune to poison.
You have razor-sharp teeth.
You have supernaturally acute eyesight. (SInv)
You can survive without breathing.


Message History

The centaur hits you.
You hit the centaur. Your bite misses the centaur.
The centaur is moderately wounded.
The centaur hits you!
Ouch! That really hurt!
* * * LOW HITPOINT WARNING * * *
The jackal pauses to sniff the ground.
You hit the centaur.
The centaur is heavily wounded.
The centaur misses you.
You hit the centaur.
The centaur is heavily wounded.
The centaur closely misses you.
You closely miss the centaur.
The centaur is heavily wounded.
The centaur completely misses you.
You hit the centaur but do no damage.
The centaur is heavily wounded.
The centaur hits you.
You die... ▓▓▓▓▓▓▓▓▓▓▓▓▓▓▓▓▓▓ ▓<...'.)...'(@ch.+ ▓▓▓▓▓▓▓▓▓▓▓▓▓▓▓▓▓▓

You could see a centaur and a jackal.

Vanquished Creatures
  An adder (D)
  An orc (D)
  A bat (D)
  A bat skeleton (D)
  A goblin (D)
  A hobgoblin (D)
  A frilled lizard (D)
  A rat (D)
8 creatures vanquished.

Notes
Turn   | Place    | Note
-------+----------+-------------------------------------------
     0 | D        | Allula97 the Vampire Enchanter began the quest for the Orb.
     0 | D        | Reached XP level 1. HP: 13/13 MP: 3/3
    20 | D        | Reached skill level 5 in Stealth
    20 | D        | Reached skill level 5 in Hexes
    55 | D        | Noticed a centaur
    59 | D        | Reached XP level 2. HP: 16/16 MP: 5/5
    82 | D        | Reached skill level 1 in Fighting
    97 | D        | Slain by a centaur

Levels and vault maps discovered:
D:        linesprint [early_d, line_temple, items_1, d_10, items_2, lair_1,
          lair_end, items_3, orc_1, orc_end, items_4, d_15, swamp_1, shoals_1,
          snake_1, spider_1, d_20, vaults_1, items_5, swamp_end, shoals_end,
          snake_end, spider_end, vaults_end, d_27, items_6, zot_1, zot_end,
          crypt_end, forest_end, elf_end, slime_end, tomb_end, abyss_end,
          pan_hell_end]

Skill      XL: |  1  2 |
---------------+-------+-----
Stealth        | 5 |  5.9
Hexes          | 5 |  5.8
Fighting       | 1 |  1.1
Short Blades   | |  1.8
Armour         | |  0.9
Dodging        | |  2.8
Spellcasting   | |  2.4

Action                   || total
-------------------------++-------
Melee: Dagger            ||    67
       Bite              ||     9
 Abil: Exsanguinate      ||     1
  Use: Potion            ||     3
 Stab: Sleeping          ||     3
Armor: Robe              ||    14
Dodge: Dodged            ||    41
